 Dungeon Sprint DCSS version 0.26-a0-660-gc07710193c (webtiles) character file.

Game seed: 12736280512202074866

678 sahdkjhfkaj the Destroyer (level 7, -2/79 HPs)
             Began as an Octopode Conjurer on Oct 6, 2020.
             Was a High Priest of Sif Muna.
             Succumbed to a redback's poison
             ... in the Dungeon (Sprint VII: "The Pits").
             The game lasted 00:03:49 (1145 turns).

sahdkjhfkaj the Destroyer (Octopode Conjurer)       Turns: 1145, Time: 00:03:50

Health: -2/79      AC:  1    Str:  6    XL:     7   Next: 60%
Magic:  17/17      EV: 16    Int: 23    God:    Sif Muna [*****.]
Gold:   0          SH:  0    Dex: 10    Spells: 5/19 levels left

rFire    . . .     SeeInvis .   m - +0 long sword (holy)
rCold    . . .     Faith    .   (no shield)
rNeg     . . .     Spirit   .   (helmet restricted)
rPois    .         Reflect  .   (no amulet)
rElec    .         Harm     .   (no ring)
rCorr    .         Rampage  .   (no ring)
MR       .....     NoTele   +   (no ring)
Stlth    ..........             (no ring)
HPRegen  0.23/turn              (no ring)
MPRegen  0.15/turn              (no ring)
                                (no ring)
                                (no ring)

@: berserking, lethally poisoned (-2 -> -67), very quick
A: almost no armour, stealthy swim, amphibious, 8 rings, constrict 8, camouflage
1, gelatinous body 1
a: Channel Magic, Forget Spell, Divine Exegesis, Renounce Religion


You were in the Dungeon.
You worshipped Sif Muna.
Sif Muna was extremely pleased with you.
You visited 1 branch

Inventory:

Hand Weapons
 m - a +0 long sword of holy wrath (weapon)
Scrolls
 g - a scroll of blinking
 h - 3 scrolls of remove curse
 i - 5 scrolls of amnesia
 k - 2 scrolls of vulnerability
Potions
 a - a potion of berserk rage
 b - 6 potions of curing
 c - 5 potions of heal wounds
 d - a potion of haste
 e - 3 potions of magic
 f - 2 potions of invisibility


   Skills:
 + Level 6.9 Fighting
 + Level 7.4 Dodging
 - Level 2.6 Stealth
 + Level 6.7 Spellcasting
 + Level 8.3 Conjurations
 + Level 6.3 Hexes
 + Level 3.6 Translocations


You had 5 spell levels left.
You knew the following spells:

 Your Spells              Type           Power        Failure   Level
a - Magic Dart            Conj           ####         1%          1
b - Searing Ray           Conj           #####.       1%          2
c - Fulminant Prism       Conj/Hex       #####.....   4%          4
d - Iskenderun's Mystic   Conj/Tloc      #####...     7%          4
m - Mephitic Cloud        Conj/Pois/Air  ###.....     8%          3

Your spell library contained the following spells:

 Spells                   Type           Power        Failure   Level
 Dazzling Flash           Conj/Hex       #####.       1%          3
 Sting                    Tmut/Pois      #...         8%          1
 Poisonous Vapours        Pois/Air       #.....       12%         2
 Ignite Poison            Fire/Tmut/Pois #.......     24%         3
 Olgreb's Toxic Radiance  Pois           #.......     61%         4


Dungeon Overview and Level Annotations

Branches:
Dungeon (1/1)

Altars:
Ashenzari
Cheibriados
Dithmenos
Elyvilon
Fedhas
Gozag
Hepliaklqana
Kikubaaqudgha
Makhleb
Nemelex Xobeh
Okawaru
Qazlal
Ru
Sif Muna
Trog
Uskayaw
Vehumet
Wu Jian
Xom
Yredelemnul
Zin
The Shining One
Beogh
Jiyva
Lugonu


Innate Abilities, Weirdness & Mutations

You cannot wear most types of armour.
You are very stealthy in the water. (Stealth+)
You are amphibious.
You can wear up to eight rings at the same time.
You can use your tentacles to constrict eight enemies at once.
Your skin changes colour to match your surroundings (Stealth+).
Your rubbery body absorbs attacks. (AC +1, EV +1)


Message History

The redback poisons you! The hellwing misses you.
The hellwing completely misses you.
Unknown command.
Unknown command.
Unknown command.
Unknown command.
Unknown command.
Unknown command.
Unknown command.
Unknown command.
Unknown command.
Unknown command.
Unknown command.
Unknown command.
Unknown command.
Unknown command.
You hit the hellwing but do no damage.
The hellwing is moderately wounded.
You constrict the redback.
You die...

#...........'.....
#'#####)#####.....
#.#.....#..##.....
#.#.....#))#####'#
#)###†###))##.....
#.#.....#))##.....
#.#.....#[[##.....
#4####)##'###...<.
#@#........##.....
#s#........##.....
#[###########.....
#)......#..#######
#o.###..#.######
#.......#†#....#
##.###4##)#o...#
#.......#.4s...+
#..###.4#'#o...#


You could see a hellwing, an orc warrior and a redback.

Vanquished Creatures
  A fire bat (D)
  Edmund (D)
  A soldier ant (D)
  A bullfrog (D)
  A big kobold (D)
  A gnoll shaman (D)
  An orc wizard (D)
  A mummy (D)
  5 gnolls (D)
  A river rat (D)
  An ufetubus (D)
  An ooze (D)
  2 leopard geckos (D)
  2 orcs (D)
  A giant cockroach (D)
  3 jackals (D)
  A ball python (D)
  2 rats (D)
27 creatures vanquished.

Vanquished Creatures (collateral kills)
  A gnoll (D)
1 creature vanquished.

Grand Total: 28 creatures vanquished

Notes
Turn   | Place    | Note
-------+----------+-------------------------------------------
     0 | D        | sahdkjhfkaj the Octopode Conjurer began the quest for the
                  | Orb.
     0 | D        | Reached XP level 1. HP: 11/11 MP: 3/3
    17 | D        | Reached skill level 1 in Fighting
    17 | D        | Reached XP level 2. HP: 10/19 MP: 0/5
   217 | D        | Learned a level 2 spell: Searing Ray
   221 | D        | Found a bloodstained altar of Trog.
   221 | D        | Found a shimmering blue altar of Sif Muna.
   221 | D        | Found a viscous altar of Jiyva.
   221 | D        | Found a hazy altar of Hepliaklqana.
   221 | D        | Found an opulent altar of Gozag.
   222 | D        | Found a glowing golden altar of the Shining One.
   222 | D        | Found a glowing silver altar of Zin.
   222 | D        | Found a basalt altar of Yredelemnul.
   222 | D        | Found a shimmering altar of Xom.
   222 | D        | Found an ornate altar of the Wu Jian Council.
   222 | D        | Found a sacrificial altar of Ru.
   222 | D        | Found a stormy altar of Qazlal.
   222 | D        | Found an iron altar of Okawaru.
   222 | D        | Found a sparkling altar of Nemelex Xobeh.
   222 | D        | Found a burning altar of Makhleb.
   222 | D        | Found a blossoming altar of Fedhas.
   222 | D        | Found a white marble altar of Elyvilon.
   222 | D        | Found a shadowy altar of Dithmenos.
   222 | D        | Found a snail-covered altar of Cheibriados.
   223 | D        | Found a radiant altar of Vehumet.
   223 | D        | Found a corrupted altar of Lugonu.
   223 | D        | Found a roughly hewn altar of Beogh.
   224 | D        | Found a hide-covered altar of Uskayaw.
   224 | D        | Found an ancient bone altar of Kikubaaqudgha.
   224 | D        | Found a broken altar of Ashenzari.
   227 | D        | Became a worshipper of Sif Muna the Loreminder
   423 | D        | Reached * piety under Sif Muna
   427 | D        | Reached XP level 3. HP: 25/25 MP: 1/7
   429 | D        | Reached ** piety under Sif Muna
   486 | D        | Learned a level 3 spell: Dazzling Flash
   492 | D        | Reached skill level 5 in Conjurations
   546 | D        | Reached *** piety under Sif Muna
   546 | D        | Reached skill level 1 in Hexes
   635 | D        | Noticed a bullfrog
   635 | D        | Noticed a fire bat
   638 | D        | Reached XP level 4. HP: 29/31 MP: 6/9
   641 | D        | Reached **** piety under Sif Muna
   651 | D        | Killed a fire bat
   651 | D        | Reached skill level 5 in Fighting
   651 | D        | Reached skill level 5 in Dodging
   651 | D        | Reached skill level 5 in Spellcasting
   651 | D        | Reached skill level 6 in Conjurations
   651 | D        | Reached XP level 5. HP: 14/39 MP: 2/12
   651 | D        | Reached XP level 6. HP: 16/45 MP: 2/14
   651 | D        | Reached skill level 7 in Conjurations
   661 | D        | Learned a level 4 spell: Iskenderun's Mystic Blast
   665 | D        | Reached skill level 5 in Hexes
   671 | D        | Learned a level 4 spell: Fulminant Prism
   816 | D        | Reached skill level 1 in Translocations
   922 | D        | Noticed a soldier ant
   927 | D        | Killed a soldier ant
   927 | D        | Reached XP level 7. HP: 53/53 MP: 8/16
   979 | D        | Noticed Edmund
   980 | D        | Reached ***** piety under Sif Muna
   993 | D        | Killed Edmund
   993 | D        | Received a gift from Sif Muna
   993 | D        | Reached skill level 8 in Conjurations
  1110 | D        | Learned a level 3 spell: Mephitic Cloud
  1118 | D        | Noticed a redback
  1118 | D        | Noticed a hellwing
  1144 | D        | HP: 3/79 [redback (1)]
  1145 | D        | Succumbed to a redback's poison

Illustrated notes

Levels and vault maps discovered:
D:        pitsprint [storerooms_1, entrance_room_1, metal_vault_2, armoury_1,
          mini_pit_1, grid_room_1, main_hall_1, silver_pit, the_coven_1,
          the_vestibule_1, steel_vault_5, golden_pit, hallway_of_sentries,
          crystal_vault_2, iron_vault_2, final_vault]

Skill      XL: |  1  2  3  4  5  6  7 |
---------------+----------------------+-----
Fighting       | 1 2 3 5 6 |  6.9
Dodging        | 3 4 5 7 |  7.4
Spellcasting   | 3 5 6 |  6.7
Conjurations   | 5 6 7 8 |  8.3
Hexes          | 1 4 5 6 |  6.3
Translocations | 2 3 |  3.6
Stealth        | |  2.6

Action                   |  1- 3 |  4- 6 |  7- 9 || total
-------------------------+-------+-------+-------++-------
Melee: Unarmed           |     2 |       |       ||     2
       Tentacles         |     3 |       |       ||     3
       Constrict         |     4 |     1 |     2 ||     7
       Falchion          |     3 |       |       ||     3
       Long sword        |     1 |       |     3 ||     4
 Cast: Magic Dart        |     2 |     1 |       ||     3
       Searing Ray       |     6 |     6 |     7 ||    19
       Iskenderun's Myst |       |       |     3 ||     3
Invok: Forget Spell      |       |     1 |       ||     1
  Use: Potion            |     1 |       |     3 ||     4
       Scroll            |       |     1 |       ||     1
Dodge: Dodged            |     6 |    11 |    21 ||    38
       Rpst.: Falchion   |     2 |       |       ||     2
       Long sword        |       |     2 |     4 ||     6

Table legend: (Time is in decaauts)
 A = Elapsed time spent in this place.
 B = Non-inter-level travel time spent in this place.
 C = Inter-level travel time spent in this place.
 D = Time resting spent in this place.
 E = Time spent auto-exploring this place.
 F = Levels seen in this place.
 G = Mean time per level.
                   A        B        C        D        E       F      G
               +--------+--------+--------+--------+--------+-----+--------+
         Total |   1151 |   1130 |     21 |    865 |      0 |   1 | 1151.0 |
       Dungeon |   1151 |   1130 |     21 |    865 |      0 |   1 | 1151.0 |
               +--------+--------+--------+--------+--------+-----+--------+

Top non-repeatable levels by time:
       D: 1151 daAuts
